 Dungeon Crawl Stone Soup version 0.31.0-12-g77e489cdc1 (webtiles) character file.

Game seed: 514531480759501766

737 Aneyh the Trooper (level 7, -1/70 HPs)
             Began as a Tengu Monk on Feb 18, 2024.
             Slain by a centaur zombie (2 damage)
             ... in an ossuary.
             The game lasted 00:07:10 (3141 turns).

Aneyh the Trooper (Tengu Monk)                      Turns: 3141, Time: 00:07:11

Health: -1/70      AC: 23    Str: 10    XL:     7   Next: 75%
Magic:  8/8        EV:  2    Int:  7    God:
Gold:   174        SH:  0    Dex: 23    Spells: 6/6 levels left

rFire   . . .        a - +0 falchion (elec)
rCold   . . .        (no shield)
rNeg    . . .        s - melded +0 scale mail
rPois   +            (helmet currently unavailable)
rElec   .            m - melded +0 cloak
rCorr   .            (gloves currently unavailable)
SInv    .            (boots unavailable)
Will    .....        (no amulet)
Stlth   ++           (no ring)
HPRegen 0.31/turn    (no ring)
MPRegen 0.11/turn

%: acrobat
@: brilliant, tree-form (expiring), marked, attractive
A: stationary, stasis, torment immunity, boosted hp, (beak), (talons 3), evasive
flight, acrobatic, (iridescent scales 1), agile 1, dopey 1
a: no special abilities


You were in an ossuary.
You were a tree.
You visited 1 branch of the dungeon, and saw 5 of its levels.
You also visited: Ossuary.

You collected 174 gold pieces.

Inventory:

Hand Weapons
 a - a +0 falchion of electrocution (weapon)
 b - a +0 trident
 g - a +2 heavy broad axe
 w - a +0 falchion
 y - a +0 flail of protection
Armour
 d - an orb of light
 l - a +0 robe
 m - a +0 cloak (melded)
 o - a +0 ring mail
 s - a +0 scale mail (melded)
Jewellery
 u - a ring of magical power
Wands
 f - a wand of flame (18)
Scrolls
 c - 2 scrolls of immolation
 e - 2 scrolls of summoning {unknown}
 h - 3 scrolls of enchant weapon {unknown}
 j - 6 scrolls of identify {unknown}
 r - a scroll of poison {unknown}
 v - a scroll of teleportation {unknown}
 x - a scroll of amnesia {unknown}
Potions
 k - a potion of mutation
 n - a potion of haste {unknown}
 p - a potion of lignification
 q - a potion of brilliance
 t - 2 potions of degeneration {unknown}
 z - 2 potions of curing {unknown}


   Skills:
 + Level 6.6 Fighting
 - Level 5.0 Long Blades
 - Level 5.0 Polearms
 - Level 3.3 Dodging


You had 6 spell levels left.
You didn't know any spells.
Your spell library contained the following spells:

 Spells                   Type           Power      Damage    Failure   Level
 Dazzling Flash           Conj/Hex       0%         N/A       80%         3
 Mephitic Cloud           Conj/Alch/Air  0%         N/A       80%         3
 Curse of Agony           Necr           0%         N/A       100%        5
 Silence                  Hex/Air        0%         N/A       100%        5


Dungeon Overview and Level Annotations

Branches:
Dungeon (5/15)            Ossuary (1/1)
 Temple: D:4-7

Altars:
Ashenzari
Kikubaaqudgha
Makhleb

Shops:
D:1 *   D:3 *


Innate Abilities, Weirdness & Mutations

You are a tree.
Your roots penetrate the ground, keeping you stationary.
You cannot be teleported.
You are immune to unholy pain and torment.
Your maximum health is greatly increased.
Your equipment is partially melded.
((You have a beak for a mouth.))
((You have claws for feet.))
Your magical flight helps you evade attacks. (EV +4)
You can magically evade attacks while moving or waiting.
((You are partially covered in iridescent scales. (AC +2)))
You are agile. (Dex +4, Str/Int -1)
You are dopey. (Int -2)


Message History

The centaur zombie hits you.
* * * LOW HITPOINT WARNING * * *
The centaur zombie kicks you but does no damage.
The kobold zombie hits you but does no damage.
The gnoll zombie hits you.
* * * LOW HITPOINT WARNING * * *
You hit the centaur zombie.
The centaur zombie is heavily damaged.
The centaur zombie hits you but does no damage.
The centaur zombie kicks you but does no damage.
The gnoll zombie hits you but does no damage.
The kobold zombie hits you but does no damage.
The centaur zombie hits you but does no damage.
The centaur zombie kicks you but does no damage.
You slash the mummy!
The mummy is moderately damaged.
The mummy hits you!
* * * LOW HITPOINT WARNING * * *
The gnoll zombie hits you but does no damage.
The kobold zombie hits you but does no damage.
The centaur zombie hits you but does no damage.
The centaur zombie kicks you but does no damage.
It was a potion of brilliance.
You feel clever all of a sudden.
The centaur zombie hits you but does no damage.
The centaur zombie kicks you but does no damage.
The gnoll zombie hits you but does no damage.
The kobold zombie hits you but does no damage.
The mummy hits you but does no damage.
It was a potion of mutation.
You feel extremely strange.
You feel agile.
You feel stupid.
Iridescent scales grow over part of your body.
The centaur zombie hits you but does no damage.
The centaur zombie kicks you but does no damage.
The mummy hits you but does no damage. The gnoll zombie hits you.
* * * LOW HITPOINT WARNING * * *
It was a potion of attraction.
You feel attractive to monsters.
Your transformation is almost over.
The centaur zombie hits you.
You die...

########### #
##########.#.#.#.#.#.#.#
..........^.^.ZM........
..............ZZ♣...^...
...∩..∩........MZZ..#...
...............ZZ^......
........................
##########.#.#.#.#.#.#.#
############# #


You could see 2 mummies, 2 crocodile zombies, a gnoll zombie, 2 kobold zombies
and 2 centaur zombies.

Vanquished Creatures
  A black bear (D:3)
  A phantom (D:4)
  A scorpion (D:5)
  A bombardier beetle (D:4)
  A hound (D:3)
  A gnoll bouda (D:4)
  An orc priest (D:5)
  3 centaur zombies (Ossuary)
  An iguana (D:4)
  An orc wizard (D:5)
  Terence (D:2)
  2 crocodile zombies (Ossuary)
  A mummy (Ossuary)
  3 gnolls (D:4)
  3 adders
  A shadow imp (D:5)
  2 dart slugs
  2 ribbon worms
  5 orcs
  10 ball pythons
  7 bats
  11 endoplasms
  7 giant cockroaches
  A gnoll zombie (Ossuary)
  8 hobgoblins
  7 jackals
  8 kobolds
  6 quokkas
  6 frilled lizards
  9 goblins
  9 rats
121 creatures vanquished.

Notes
Turn   | Place    | Note
-------+----------+-------------------------------------------
     0 | D:1      | Aneyh the Tengu Monk began the quest for the Orb.
     0 | D:1      | Reached XP level 1. HP: 14/14 MP: 2/2
    63 | D:1      | Found a faded altar of an unknown god.
    92 | D:1      | Reached XP level 2. HP: 19/19 MP: 3/3
   331 | D:1      | Reached XP level 3. HP: 22/23 MP: 4/4
   700 | D:1      | Found Qaisuat's Assorted Antiques.
   851 | D:2      | Reached skill level 1 in Polearms
   938 | D:2      | Found a broken altar of Ashenzari.
   969 | D:2      | Noticed Terence
   981 | D:2      | Reached XP level 4. HP: 12/28 MP: 5/5
   994 | D:2      | Killed Terence
  1538 | D:3      | Found a burning altar of Makhleb.
  1619 | D:3      | Reached XP level 5. HP: 32/32 MP: 6/6
  1631 | D:3      | Noticed a black bear
  1643 | D:3      | Killed a black bear
  1644 | D:3      | Reached skill level 5 in Polearms
  1644 | D:3      | Reached XP level 6. HP: 29/37 MP: 7/7
  1745 | D:3      | Found an ancient bone altar of Kikubaaqudgha.
  1838 | D:3      | Found Gimaxzo's General Store.
  2253 | D:4      | Reached skill level 4 in Fighting
  2709 | D:4      | Reached skill level 5 in Long Blades
  2709 | D:4      | Gained mutation: Your magical flight helps you evade
                  | attacks. (EV +4) [Tengu growth]
  2709 | D:4      | Reached XP level 7. HP: 44/44 MP: 8/8
  2739 | D:4      | Reached skill level 5 in Fighting
  2786 | D:5      | Entered Level 5 of the Dungeon
  3051 | D:5      | Found a sand-covered staircase.
  3059 | Ossuary  | Entered an ossuary
  3069 | Ossuary  | Reached skill level 6 in Fighting
  3138 | Ossuary  | HP: 2/70 [mummy (13)]
  3140 | Ossuary  | Gained mutation: You are agile. (Dex +4, Str/Int -1)
                  | [potion of mutation]
  3140 | Ossuary  | Gained mutation: You are dopey. (Int -2) [potion of
                  | mutation]
  3140 | Ossuary  | Gained mutation: You are partially covered in iridescent
                  | scales. (AC +2) [potion of mutation]
  3141 | Ossuary  | Slain by a centaur zombie

Illustrated notes

Levels and vault maps discovered:
D:1:      amcnicky_arrival_flooded_fountain, layout_basic, serial_shops,
          nicolae_shop_tiny_waterfront, hellmonk_ecumenical_altar_blasted,
          minmay_close_crescents
D:2:      layout_basic, basic_altar, uniq_terence
D:3:      layout_rooms, bloody_makhleb, kiku_gazebo_garden_becter, serial_shops,
          nicolae_shop_tiny_real_fake_doors,
          nicolae_concentric_dashed_squares_mild,
          minmay_misc_feat_secret_circle, minmay_joined_circles
D:4:      layout_basic
D:5:      layout_basic, beargit_hepliaklqana_dungeon_heroes, enter_ossuary_1,
          serial_shops, nicolae_diamond_shop,
          serial_library_hellmonk_reading_circle, uniq_grinder
Ossuary:  ossuary_the_hunt_dpeg

Skill      XL: |  1  2  3  4  5  6  7 |
---------------+----------------------+-----
Long Blades    | 4 5 |  5.0
Polearms       | 1 3 5 |  5.0
Fighting       | 4 6 |  6.6
Dodging        | |  3.3

Action                     |  1- 3 |  4- 6 |  7- 9 || total
---------------------------+-------+-------+-------++-------
  Melee: Falchion          |    52 |    58 |    57 ||   167
         Peck              |    10 |    23 |    14 ||    47
         Kick              |    24 |    39 |    19 ||    82
         Trident           |    39 |    97 |       ||   136
         Punch             |     1 |     2 |     1 ||     4
    Use: Potion            |     1 |     1 |     5 ||     7
   Stab: Sleeping          |     1 |       |       ||     1
 Armour: Robe              |    35 |       |       ||    35
         Ring mail         |    12 |     7 |       ||    19
         Scale mail        |       |    84 |    72 ||   156
         Skin              |       |       |    51 ||    51
  Dodge: Dodged            |   100 |    82 |   145 ||   327
